 Dungeon Crawl Stone Soup version 0.21.1-1-g345015fe64 (webtiles) character file.

1321 P0NYSLAYSTATION the Slasher (level 8, -3/70 HPs)
             Began as a Hill Orc Fighter on June 16, 2018.
             Slain by a two-headed ogre
             ... wielding a +0 giant spiked club
              (14 damage)
             ... on level 8 of the Dungeon.
             The game lasted 00:18:49 (2464 turns).

P0NYSLAYSTATION the Slasher (Hill Orc Fighter)      Turns: 2464, Time: 00:18:50

Health: -3/70      AC: 10    Str: 20    XL:     8   Next: 59%
Magic:  8/8        EV: 10    Int:  8    God:
Gold:   205        SH:  0    Dex: 11    Spells: 7/7 levels left

rFire    . . .     SeeInvis .   g - +0 great sword
rCold    + . .     Gourm    .   (shield currently unavailable)
rNeg     . . .     Faith    .   b - +2 scale mail
rPois    .         Spirit   .   (no helmet)
rElec    .         Reflect  .   e - +0 cloak
rCorr    .         Harm     .   (no gloves)
MR       .....                  (no boots)
Stlth    ..........             (no amulet)
HPRegen  0.21/turn              p - ring of protection from cold
MPRegen  0.11/turn              (no ring)

@: no status effects
A: no striking features
a: no special abilities


You were on level 8 of the Dungeon.
You were not hungry.

You visited 1 branch of the dungeon, and saw 8 of its levels.

You collected 205 gold pieces.

Inventory:

Hand Weapons
 a - a +0 long sword
 g - a +0 great sword (weapon)
Armour
 b - a +2 scale mail (worn)
 c - a +0 shield
 e - a +0 cloak (worn)
Jewellery
 p - a ring of protection from cold (left hand)
Wands
 o - a wand of acid (9)
Scrolls
 d - a scroll of enchant weapon {unknown}
 h - 2 scrolls of immolation
 l - a scroll of fog {unknown}
 n - a scroll of amnesia
 r - a scroll of fear {unknown}
 u - a scroll of remove curse {unknown}
 w - a scroll of random uselessness {unknown}
Potions
 i - a potion of lignification {unknown}
 j - a potion of heal wounds {unknown}
 k - a potion of magic {unknown}
 m - a potion of cancellation {unknown}
 s - a potion of berserk rage {unknown}
 t - a potion of degeneration {unknown}
 v - a potion of ambrosia
Comestibles
 f - 3 rations


   Skills:
 + Level 5.9 Fighting
 + Level 7.6 Long Blades
 + Level 5.3 Armour
 + Level 2.5 Dodging
 + Level 0.4 Stealth
 + Level 5.5 Shields


You had 7 spell levels left.
You didn't know any spells.

Dungeon Overview and Level Annotations

Branches:
Dungeon (8/15)
 Temple: D:4-7         Lair: D:8-11

Altars:
Fedhas
Kikubaaqudgha
Qazlal
Xom

Annotations:
D:3 Ijyb


Message History

You slash the two-headed ogre!
The two-headed ogre is moderately wounded.
The two-headed ogre hits you but does no damage.
The two-headed ogre hits you with a giant club!
You slash the two-headed ogre!
The two-headed ogre is heavily wounded.
The two-headed ogre closely misses you.
The two-headed ogre hits you with a giant club!
You slash the two-headed ogre!
The two-headed ogre is severely wounded.
The two-headed ogre hits you with a giant spiked club!!
* * * LOW HITPOINT WARNING * * *
The two-headed ogre hits you with a giant club.
* * * LOW HITPOINT WARNING * * *
You hit the two-headed ogre.
The two-headed ogre is severely wounded.
The two-headed ogre hits you with a giant spiked club.
* * * LOW HITPOINT WARNING * * *
The two-headed ogre hits you with a giant club!
You die...

#.####### #.# #. #.# #.# #.
#########.## #<# #. ...........#
#.# #. ...........#######
#.#######. #.#..............#
#.........
._.........####.################
#.###................# .
#.#########@#....# ...
#######O#....# #...
.............# #..#
#######..###.# #......# ##.#####
........# .#####..# ...#


You could see a two-headed ogre.

Vanquished Creatures
  Grinder (D:3)
  A hippogriff (D:7)
  A wyvern (D:8)
  An ice beast (D:6)
  2 ogres
  A centaur (D:7)
  A bullfrog (D:6)
  4 crimson imps
  A bullfrog zombie (D:7)
  A jelly (D:6)
  A bullfrog skeleton (D:2)
  A hound (D:6)
  An iguana (D:4)
  A worker ant zombie (D:7)
  5 adders
  An ooze (D:3)
  An adder zombie (D:1)
  2 worms
  A dart slug (D:3)
  5 leopard geckos
  3 orcs
  5 bats
  3 giant cockroaches
  2 goblins
  A hobgoblin (D:3)
  3 kobolds
  A quokka (D:2)
  2 ball pythons
  A frilled lizard (D:1)
  A leopard gecko skeleton (D:2)
  A quokka zombie (D:1)
  4 rats
60 creatures vanquished.

Notes
Turn   | Place    | Note
-------+----------+-------------------------------------------
     0 | D:1      | P0NYSLAYSTATION the Hill Orc Fighter began the quest for the Orb.
     0 | D:1      | Reached XP level 1. HP: 19/19 MP: 1/1
   130 | D:1      | Reached XP level 2. HP: 27/27 MP: 2/2
   310 | D:2      | Reached XP level 3. HP: 33/33 MP: 3/3
   585 | D:2      | Reached skill level 3 in Long Blades
   585 | D:2      | Reached XP level 4. HP: 22/40 MP: 4/4
   723 | D:2      | Found a burning altar of Makhleb.
   725 | D:2      | Found an ancient bone altar of Kikubaaqudgha.
   725 | D:2      | Found a shimmering altar of Xom.
   727 | D:2      | Found a shimmering altar of Xom.
   727 | D:2      | Found a shimmering altar of Xom.
   727 | D:2      | Found a stormy altar of Qazlal.
   763 | D:3      | Noticed Grinder
   763 | D:3      | Noticed Ijyb
   764 | D:3      | Paralysed by Grinder for 2 turns
   948 | D:3      | Paralysed by Grinder for 2 turns
   955 | D:3      | Killed Grinder
   955 | D:3      | Reached skill level 4 in Long Blades
   955 | D:3      | Reached skill level 1 in Dodging
   955 | D:3      | Reached XP level 5. HP: 26/47 MP: 5/5
   955 | D:3      | Reached XP level 6. HP: 30/53 MP: 6/6
  1091 | D:4      | Reached skill level 5 in Long Blades
  1118 | D:5      | Entered Level 5 of the Dungeon
  1222 | D:5      | Reached XP level 7. HP: 13/60 MP: 7/7
  1679 | D:6      | Reached skill level 5 in Shields
  1708 | D:5      | Found a blossoming altar of Fedhas.
  1866 | D:6      | Reached skill level 5 in Fighting
  1866 | D:6      | Reached skill level 6 in Long Blades
  2118 | D:7      | Noticed a hippogriff
  2123 | D:7      | Reached XP level 8. HP: 56/68 MP: 8/8
  2129 | D:7      | Killed a hippogriff
  2129 | D:7      | Reached skill level 7 in Long Blades
  2129 | D:7      | Reached skill level 5 in Armour
  2426 | D:8      | Found an ancient bone altar of Kikubaaqudgha.
  2427 | D:8      | Noticed a wyvern
  2433 | D:8      | Killed a wyvern
  2450 | D:8      | Noticed a two-headed ogre
  2464 | D:8      | Slain by a two-headed ogre

Skill      XL: |  1  2  3  4  5  6  7  8 |
---------------+-------------------------+-----
Fighting       | 4 5 |  5.9
Long Blades    | 3 4 5 6 7 |  7.6
Shields        | 4 5 |  5.5
Armour         | 4 5 |  5.3
Dodging        | 1 2 |  2.5
Stealth        | |  0.4

Action                   |  1- 3 |  4- 6 |  7- 9 || total
-------------------------+-------+-------+-------++-------
Melee: Long sword        |    97 |   100 |    70 ||   267
       Great sword       |       |       |    41 ||    41
  Use: Potion            |       |     2 |     1 ||     3
       Scroll            |       |     2 |     4 ||     6
  Eat: Chunk             |       |     1 |     1 ||     2
       Ration            |       |       |     1 ||     1
Armor: Scale mail        |    40 |    31 |    56 ||   127
Dodge: Dodged            |    28 |    24 |    45 ||    97
Block: Shield            |    46 |    38 |    39 ||   123
       Rpst.: Long sword |    11 |     3 |     4 ||    18
       Great sword       |       |       |     7 ||     7
